Map: Orbital Shipyard

Players

MorN - Winner!

  • Race: Terran Terran
  • League: Master

Mariuslol

  • Race: Zerg Zerg
  • League: Diamond

VOD

Have the link to the VOD?

Description

Time

  • Played on: Nov. 20, 2015, 4:29 p.m.
  • Length: 15:13
Show
View Real Time Build Order
Export as new Build Order

MorN Terran - Winner!

Build Orders: Reaper Expand, MMM Bio 

Get SALT Encoding   

  12  0:01  SCV  
  13  0:13  SCV  
  14  0:17  Supply Depot  
  14  0:25  SCV  
  15  0:39  SCV  
  15  0:40  Barracks  
  16  0:44  Refinery  
  16  0:51  SCV  
  17  1:03  SCV  
  18  1:15  SCV  
  19  1:28  Orbital Command  
  19  1:29  Reaper  
  20  1:41  Command Center  
  20  1:51  Supply Depot  
  21  1:54  SCV  
  21  2:01  Reaper  
  22  2:07  SCV  
  23  2:19  SCV  
  24  2:25  Factory  
  24  2:41  SCV  
  25  2:45  Barracks Reactor, Refinery  
  25  2:46  Command Center  
  25  3:02  SCV  
  25  3:03  SCV  
  26  3:31  Starport  
  25  3:34  Hellion  
  25  3:35  SCV, Hellion  
  25  3:36  Orbital Command  
  30  3:41  Barracks Tech Lab  
  30  3:51  SCV  
  31  3:56  Hellion x2  
  31  3:59  Orbital Command  
  35  4:03  SCV, Stimpack  
  35  4:07  SCV  
  37  4:11  Viking  
  37  4:14  Marine  
  37  4:15  SCV  
  41  4:19  SCV  
  41  4:20  Engineering Bay  
  41  4:22  Refinery, Engineering Bay  
  41  4:24  Refinery  
  42  4:27  Hellion  
  42  4:28  Hellion  
  42  4:29  SCV  
  47  4:35  Marine  
  47  4:36  SCV x2  
  50  4:41  SCV  
  51  4:56  SCV x2  
  51  4:57  Terran Infantry Weapons Level 1  
  51  4:58  Terran Infantry Armor Level 1  
  51  4:59  Factory Reactor, Barracks  
  53  5:00  Barracks  
  53  5:08  SCV  
  53  5:13  Starport Reactor  
  54  5:14  SCV  
  54  5:15  Barracks  
  54  5:16  Barracks  
  54  5:18  Marine  
  52  5:46  SCV x2  
  52  5:47  SCV  
  55  5:50  Supply Depot, Factory Reactor  
  55  5:54  Medivac  
  55  5:55  Medivac  
  59  5:58  SCV x2  
  59  5:59  Armory  
  59  6:03  Barracks Reactor x2  
  61  6:04  Combat Shields  
  61  6:09  Supply Depot  
  61  6:11  SCV x3, Marine x5  
  61  6:18  Supply Depot  
  69  6:19  Orbital Command  
  69  6:30  Supply Depot, SCV x2, Marine x5  
  76  6:39  Widow Mine x2, Marine  
  81  6:40  Medivac x2  
  81  6:43  Supply Depot  
  85  6:50  Terran Vehicle Weapons Level 1  
  85  6:51  SCV x2, Marine x4  
  91  6:58  Marine x2  
  91  7:01  Supply Depot  
  93  7:04  Supply Depot, SCV, Marine  
  93  7:06  Supply Depot, Terran Infantry Weapons Level 2  
  93  7:07  Terran Infantry Armor Level 2  
  93  7:08  Supply Depot  
  95  7:11  Marine x2  
  97  7:17  Widow Mine x2  
  97  7:22  SCV x2, Medivac  
  105  7:28  Marine x3  
  108  7:34  Supply Depot x2  
  108  7:35  Marine x3  
  108  7:36  Marine  
  110  7:39  Liberator  
  110  7:40  SCV x2, Liberator  
  110  7:41  SCV  
  113  7:45  Widow Mine  
  113  7:50  Supply Depot  
  111  7:55  Marine, Marauder  
  111  7:56  Marine x5  
  125  8:17  Marauder  
  121  8:28  Liberator x2  
  121  8:33  Marine x2  
  121  8:34  Marine x2  
  121  8:38  Marauder  
  121  8:39  SCV x2  
  121  8:40  Command Center, SCV, Barracks x3  
  127  8:42  Marine x3  
  134  8:55  Marine x4  
  134  9:00  Marine x3, Marauder  
  134  9:02  SCV, Supply Depot  
  144  9:06  Refinery  
  144  9:07  Refinery  
  144  9:08  Supply Depot, Marine  
  145  9:11  Liberator x2  
  145  9:13  Marine  
  141  9:21  Marauder  
  143  9:27  Marine x5  
  143  9:28  Marine  
  155  9:33  Marine x2  
  155  9:35  Marine  
  155  9:36  Marine x2  
  152  9:42  Marauder  
  152  9:45  Marine x3  
  152  9:49  Marine  
  152  9:50  Marine  
  141  9:54  Liberator x2  
  141  9:56  Marine x2  
  141  9:59  Terran Infantry Weapons Level 3  
  129  10:04  Marauder  
  130  10:08  Barracks Reactor, Barracks Tech Lab x2  
  130  10:09  SCV  
  137  10:17  SCV x2  
  139  10:21  Supply Depot, SCV  
  139  10:25  Supply Depot, Terran Infantry Armor Level 3, Marauder  
  142  10:29  SCV x2  
  142  10:33  SCV, Marauder x2, Marine x4  
  153  10:41  SCV x2  
  150  10:45  SCV  
  150  10:46  Marauder  
  147  10:53  Refinery, Marine x2  
  147  10:54  Marine  
  147  10:55  Marauder x2  
  144  11:02  Marine x3  
  140  11:05  Marine x2  
  140  11:06  Marine  
  140  11:08  Marine, Marauder  
  140  11:11  Planetary Fortress, Marine x2  
  145  11:12  Marine  
  145  11:16  Marauder x2  
  152  11:20  Marine x3  
  152  11:21  Terran Vehicle Weapons Level 2  
  155  11:29  Marauder  
  157  11:37  Marauder, Marine x2  
  157  11:38  Marauder  
  163  11:43  Marine x2  
  165  11:48  Refinery  
  165  11:49  SCV x2  
  165  11:51  Marauder  
  169  11:59  Marine x5, Marauder x2  
  176  12:10  Marine x3  
  176  12:11  Widow Mine x2, Marine x2  
  176  12:12  Medivac x2, Marauder  
  191  12:17  Marine  
  191  12:20  Marauder  
  191  12:21  Marauder  
  196  12:24  Marine x2  
  198  12:30  Sensor Tower  
  198  12:33  Marauder  
  198  12:36  Marine  
  189  13:14  Marine x2  
  189  13:15  Marauder  
  181  13:20  Marine  
  181  13:21  Marauder, Marine  
  166  13:35  Marine x2  
  166  13:36  Marauder  
  166  13:39  Marine x4  
  166  13:40  Marine x2, Widow Mine, Marauder  
  166  13:41  Medivac x2, Widow Mine  
  167  13:46  Marine x2  
  167  13:47  Marauder  
  162  13:53  Marine x2  
  148  13:57  Marauder, Marine x3  
  148  14:01  Marauder, Marine x3  
  155  14:04  Marine x2  
  155  14:08  Marauder  
  157  14:11  Marine x2  
  157  14:16  Marine x3  
  162  14:17  Medivac x2  
  162  14:18  Marauder  
  162  14:21  Marine x2  
  162  14:23  Marauder  
  172  14:30  Marauder  
  174  14:40  Marine x3, Marauder  
  174  14:44  Marauder  
  181  14:46  Orbital Command  
  181  14:51  Marauder  
  178  14:52  Marine  
  178  14:53  Marine  
Show
View Real Time Build Order
Export as new Build Order

Mariuslol Zerg 

Build Orders: Hatch First 

Get SALT Encoding   

  12  0:00  Drone  
  13  0:13  Overlord  
  13  0:18  Drone  
  14  0:32  Drone x2  
  16  0:38  Drone  
  17  0:55  Hatchery  
  16  0:57  Drone  
  16  0:59  Drone  
  16  1:03  Extractor  
  17  1:14  Spawning Pool  
  17  1:18  Drone  
  17  1:21  Drone  
  18  1:30  Drone  
  19  1:40  Overlord  
  19  2:02  Queen, Zergling x4  
  19  2:06  Zergling x2  
  19  2:07  Queen  
  26  2:09  Metabolic Boost  
  26  2:16  Drone  
  26  2:22  Drone  
  28  2:30  Drone  
  28  2:31  Drone  
  30  2:38  Drone, Queen  
  33  2:47  Overlord  
  33  2:57  Extractor  
  32  3:03  Overlord, Drone x2  
  32  3:04  Drone  
  36  3:14  Drone x2  
  36  3:15  Drone, Overlord  
  39  3:22  Drone  
  38  3:28  Drone x2  
  38  3:29  Drone x2  
  41  3:40  Drone x2  
  43  3:42  Extractor  
  43  3:43  Extractor  
  43  3:46  Hatchery  
  40  3:48  Drone  
  40  3:49  Drone  
  40  3:51  Drone x3  
  45  4:00  Lair  
  45  4:01  Roach Warren, Drone  
  45  4:04  Drone  
  45  4:07  Drone  
  45  4:08  Drone  
  48  4:12  Drone x2  
  50  4:18  Overlord, Drone  
  51  4:26  Overlord  
  51  4:33  Overlord  
  51  4:41  Overlord  
  51  4:42  Roach x3  
  56  4:48  Drone x2, Roach  
  60  4:54  Queen  
  60  4:56  Drone x4  
  60  4:58  Pneumatized Carapace  
  66  5:00  Glial Reconstitution  
  66  5:06  Evolution Chamber  
  65  5:07  Drone  
  65  5:09  Evolution Chamber  
  65  5:19  Drone x7  
  72  5:29  Drone x2  
  72  5:32  Drone x2  
  71  5:36  Drone x3  
  71  5:37  Drone  
  71  5:38  Zerg Missile Weapons Level 1, Zerg Ground Armor Level 1  
  75  5:49  Hatchery  
  74  5:50  Drone x2  
  74  5:51  Extractor  
  74  5:53  Drone x2, Extractor  
  74  5:54  Drone  
  77  6:11  Overlord  
  77  6:12  Roach x6  
  89  6:21  Overlord x3  
  89  6:23  Overlord, Drone  
  90  6:28  Extractor  
  90  6:31  Drone x2  
  90  6:32  Roach x2  
  97  6:33  Roach  
  97  6:43  Roach  
  97  6:44  Roach x7  
  97  6:46  Roach  
  115  6:52  Spore Crawler  
  115  6:53  Drone x2  
  116  7:03  Overlord  
  116  7:04  Roach x2  
  116  7:06  Overlord x2  
  116  7:07  Overlord x2  
  120  7:17  Overlord  
  120  7:18  Overlord, Overseer  
  120  7:23  Infestation Pit  
  120  7:25  Roach x8  
  135  7:32  Roach x3  
  135  7:35  Overseer x2  
  141  7:47  Overlord  
  141  7:48  Roach x9  
  159  7:58  Zerg Missile Weapons Level 2  
  159  8:06  Overseer  
  159  8:07  Roach  
  159  8:08  Roach x7  
  159  8:12  Drone x3  
  177  8:13  Drone  
  173  8:22  Drone x2, Overseer x2  
  173  8:23  Drone x2  
  173  8:26  Spore Crawler  
  170  8:29  Spine Crawler  
  170  8:33  Spore Crawler  
  170  8:34  Spore Crawler  
  168  8:41  Drone  
  168  8:42  Drone x8  
  168  8:47  Drone x2  
  176  8:53  Overlord x2  
  176  8:56  Spine Crawler  
  176  9:00  Overlord x2  
  175  9:11  Hatchery  
  174  9:17  Ravager  
  174  9:18  Ravager x14  
  174  9:20  Roach x2  
  150  9:45  Roach  
  150  9:46  Roach x10  
  146  9:53  Drone x3, Roach x2  
  147  10:01  Roach x3  
  147  10:02  Roach  
  147  10:04  Extractor  
  152  10:14  Hatchery, Roach  
  152  10:15  Roach x4  
  161  10:26  Ravager  
  161  10:27  Ravager  
  163  10:31  Hatchery  
  163  10:35  Roach x3  
  146  10:58  Roach x6  
  146  10:59  Roach x2  
  146  11:02  Overlord  
  146  11:03  Overlord  
  142  11:10  Roach  
  142  11:11  Roach x5  
  152  11:21  Ravager x2  
  152  11:22  Ravager x2  
  156  11:29  Drone x2  
  156  11:30  Drone x7  
  156  11:31  Drone, Roach x2  
  170  11:41  Overseer x3  
  170  11:48  Drone x3, Spore Crawler  
  170  11:49  Drone x3  
  170  11:51  Spine Crawler  
  174  11:56  Extractor  
  174  11:57  Drone x3, Extractor  
  174  11:58  Overlord x2  
  175  12:01  Overlord  
  175  12:07  Overlord x2  
  175  12:18  Spore Crawler, Spine Crawler  
  175  12:21  Spine Crawler  
  172  12:26  Ravager  
  172  12:27  Ravager x6  
  172  12:28  Roach x7  
  193  12:30  Extractor  
  193  12:31  Spore Crawler  
  193  12:36  Roach x3  
  197  12:37  Drone x3, Spine Crawler  
  197  12:41  Spine Crawler  
  197  12:44  Spore Crawler  
  189  13:01  Hydralisk Den  
  189  13:02  Spine Crawler  
  189  13:03  Spine Crawler  
  184  13:18  Roach  
  184  13:19  Roach x7  
  173  13:39  Roach  
  173  13:40  Roach x10  
  140  13:48  Roach  
  140  13:49  Roach  
  104  14:17  Ravager x2  
  104  14:18  Ravager x2  
  102  14:39  Roach x2  
  102  14:42  Ravager  
  102  14:43  Ravager x2  
  102  14:45  Roach x3  
Tags
 
Add a new tag
Caveats
  • Supply blocks, unpowered buildings, or Contaminate may cause inaccurate times.
  • Supply counts are checked every 10 seconds.